 Dungeon Crawl Stone Soup version 0.32-a0-30-gefbe487952 (webtiles) character file.

Game seed: 10632827728081451463

12303 gruber the Grappler (level 11, -3/111 HPs)
             Began as an Oni Shapeshifter on Jan 19, 2024.
             Was an Initiate of Gozag.
             Succumbed to Erica's bolt of poison
             ... on level 11 of the Dungeon.
             The game lasted 00:15:56 (13139 turns).

gruber the Grappler (Oni Shapeshifter)             Turns: 13139, Time: 00:15:57

Health: -3/111     AC:  4    Str: 22    XL:     11   Next: 91%
Magic:  11/11      EV: 17    Int: 11    God:    Gozag
Gold:   626        SH:  0    Dex: 10    Spells: 10/10 levels left

rFire   . .          .
                       - Unarmed
rCold   + + .        (no shield)
rNeg    . . .        S - +1 robe {rC+}
rPois   .            (helmet currently unavailable)
rElec   .            (cloak currently unavailable)
rCorr   .            (gloves unavailable)
SInv    .            (boots unavailable)
Will    +....        (no amulet)
Stlth   +            h - ring of protection from cold
HPRegen 0.38/turn    l - +5 ring of evasion
MPRegen 0.12/turn

%: no passive effects
@: lethally poisoned (-3 -> -16), beast-form, slowed, very slow
A: beast (slay +4), large, unfitting armour, horns 1, tough skin 1, double
potion healing, drunken brawling
a: Begin Untransformation, Renounce Religion, Potion Petition, Call Merchant,
Bribe Branch


You were on level 11 of the Dungeon.
You worshipped Gozag.
Gozag was pleased with you.
You were a hulking beast.
You visited 2 branches of the dungeon, and saw 12 of its levels.
You also visited: Sewer.

You collected 1594 gold pieces.
You paid 968 gold pieces to Gozag.

Inventory:

Missiles
 r - 2 throwing nets (quivered)
 B - 6 curare-tipped darts
Armour
 a - a +0 animal skin
 i - a +0 kite shield
 S - a +1 robe of cold resistance (worn)
Jewellery
 h - a ring of protection from cold (left hand)
 l - a +5 ring of evasion (right hand)
 p - a ring of wizardry
 y - a ring of protection from fire
 K - a ring of flight
 P - an amulet of magic regeneration
Talismans
 c - a beast talisman (active)
 d - a flux talisman
Wands
 G - a wand of paralysis (7)
 I - a wand of light (17)
 J - a wand of flame (41)
 L - a wand of roots (8)
 N - a wand of digging (7)
Scrolls
 e - 2 scrolls of enchant armour {unknown}
 f - 3 scrolls of enchant weapon {unknown}
 j - a scroll of amnesia {unknown}
 k - 4 scrolls of teleportation {unknown}
 o - a scroll of silence {unknown}
 s - a scroll of immolation {unknown}
 t - 4 scrolls of identify {unknown}
 u - 3 scrolls of brand weapon {unknown}
 w - 2 scrolls of butterflies {unknown}
 A - 2 scrolls of noise {unknown}
 F - a scroll of fog {unknown}
 M - a scroll of revelation {unknown}
 O - 2 scrolls of fear {unknown}
Potions
 b - a potion of lignification
 g - a potion of cancellation {unknown}
 m - a potion of degeneration {unknown}
 n - 2 potions of ambrosia {unknown}
 q - a potion of magic {unknown}
 v - 2 potions of haste {unknown}
 x - 2 potions of resistance {unknown}
 z - 2 potions of mutation {unknown}
 C - 2 potions of brilliance {unknown}
 D - 9 potions of curing {unknown}
 E - a potion of enlightenment {unknown}
 H - a potion of invisibility {unknown}
 Q - a potion of attraction {unknown}
Miscellaneous
 R - a lightning rod (4/4)


   Skills:
 - Level 8.0 Fighting
 - Level 8.0 Dodging
 * Level 5.4 Shields
 - Level 12.0 Unarmed Combat
 - Level 7.0 Shapeshifting


You had 10 spell levels left.
You didn't know any spells.
Your spell library contained the following spells:

 Spells                   Type           Power      Damage    Failure   Level
 Necrotise                Necr           0%         1d4       34%         1
 Slow                     Hex            0%         N/A       34%         1
 Blink                    Tloc           0%         N/A       47%         2
 Cigotuvi's Dreadful Rot  Necr/Alch/Air  0%         N/A       47%         2
 Lesser Beckoning         Tloc           0%         N/A       47%         2
 Momentum Strike          Conj/Tloc      0%         3d8       47%         2
 Confusing Touch          Hex            0%         N/A       71%         3
 Sigil of Binding         Hex            0%         N/A       71%         3
 Tukima's Dance           Hex            0%         N/A       71%         3
 Vampiric Draining        Necr           0%         2d6       71%         3
 Dimensional Bullseye     Hex/Tloc       0%         N/A       98%         4
 Iskenderun's Mystic Bla  Conj/Tloc      0%         2d3       98%         4
 Martyr's Knell           Necr/Summ      0%         N/A       98%         4
 Olgreb's Toxic Radiance  Alch           0%         N/A       98%         4
 Passage of Golubria      Tloc           0%         N/A       98%         4
 Arcjolt                  Conj/Air       0%         1d10      100%        5
 Curse of Agony           Necr           0%         N/A       100%        5
 Irradiate                Conj/Alch      0%         3d11      100%        5
 Silence                  Hex/Air        0%         N/A       100%        5
 Ozocubu's Refrigeration  Ice            0%         4d7       100%        7
 Discord                  Hex            0%         N/A       100%        8
 Lehudib's Crystal Spear  Conj/Erth      0%         10d2      100%        8


Dungeon Overview and Level Annotations

Branches:
Dungeon (11/15)            Temple (1/1) D:7            Lair (0/5) D:9
    Orc (0/2) D:11          Sewer (visited)

Altars:
Ashenzari
Cheibriados
Dithmenos
Elyvilon
Fedhas
Gozag
Hepliaklqana
Kikubaaqudgha
Makhleb
Nemelex Xobeh
Okawaru
Qazlal
Ru
Sif Muna
Trog
Uskayaw
Vehumet
Wu Jian
Xom
Yredelemnul
Zin
The Shining One

Annotations:
D:11 Erica


Innate Abilities, Weirdness & Mutations

You are a hulking beast.
Your limbs bulge with bestial killing power. (Slay +4)
You are too large for most types of armour.
You have a pair of small horns on your head.
You have tough skin. (AC +1)
You gain doubled healing and magic from potions.
Whenever you drink a healing potion, you attack all around you.


Message History

You kill the yak!
You completely miss Erica. Your headbutt misses Erica.
Erica hits you with a +0 scimitar of flaming!
Erica burns you.
You hit Erica.
Erica is lightly wounded.
Erica stares at you and mumbles some strange words.
You resist with some effort.
You punch Erica!
Erica is moderately wounded.
Erica casts a spell.
Erica flickers and vanishes!
You miss something. Your headbutt misses something. You miss something.
You punch something.
You hear some strange, mumbled words.
Something tries to affect you, but you resist.
You miss something. Your headbutt misses something.
You hear a zap.
A bolt of light appears from out of thin air!
The bolt of light hits you!
You completely miss something. Your headbutt misses something.
Something hits you. Something burns you.
You miss something. Something hits you! Something burns you.
You miss something. Your headbutt misses something. You punch something!
Your headbutt misses something.
You hear some strange, mumbled words.
You feel yourself slow down.
You miss something. Something hits you!!
* * * LOW HITPOINT WARNING * * *
Something burns you.
* * * LOW HITPOINT WARNING * * *
You closely miss something. Your headbutt misses something.
You hear some strange, mumbled words.
A bolt of poison appears from out of thin air!
The bolt of poison hits you!!
You are poisoned.
* * * LOW HITPOINT WARNING * * *
You miss something. Your headbutt misses something.
You die...
Your body crumbles into a pile of gold.

#.........#......$....##
#.#####...#...........##
#....##...##...........#
#....##...##....##....##
#.........########$.$.##
#..........# #......
#..........# #......
##.........# #..$...
#...##h#### #....##
######{# #....# ...
......# ..... #......#
....... #......#
.....##.. ###....#
####### ... ...


There were no monsters in sight!

Vanquished Creatures
  A two-headed ogre (D:11)
  A boulder beetle (D:11)
  Sonja (D:10)
  A komodo dragon (D:9)
  2 kobold demonologists
  2 trolls
  A slime creature (D:7)
  3 shadows
  2 wyverns
  16 yaks
  4 basilisks (D:9)
  4 vampire mosquitoes (D:9)
  A two-headed ogre zombie (D:11)
  2 water moccasins
  An acid dragon (D:11)
  A swamp drake (D:9)
  An ice beast (D:6)
  4 orc warriors
  2 black bears
  2 ogres
  3 centaurs
  3 phantoms
  2 kobold brigands
  A bullfrog (D:9)
  A gnoll sergeant (D:7)
  5 scorpions
  16 wights
  4 troll zombies (D:11)
  6 howler monkeys
  A lava snake (D:10)
  5 orc priests (D:10)
  2 bombardier beetles
  2 gnoll boudas (D:7)
  5 hounds
  3 jellies
  2 sleepcaps
  Natasha (twice) (D:4)
  7 iguanas
  9 orc wizards
  A hell rat (Sewer)
  2 ogre zombies (D:11)
  15 gnolls
  8 adders
  2 river rats
  2 shadow imps
  3 white imps
  3 dart slugs
  A ribbon worm (D:3)
  28 orcs
  11 ball pythons
  12 endoplasms
  8 giant cockroaches
  5 gnoll zombies (D:11)
  5 goblins
  8 hobgoblins
  6 jackals
  5 quokkas
  5 bats
  5 frilled lizards
  2 gnoll skeletons (D:11)
  16 kobolds
  2 orc skeletons (D:11)
  15 orc zombies (D:11)
  7 rats
308 creatures vanquished.

Notes
Turn   | Place    | Note
-------+----------+-------------------------------------------
     0 | D:1      | gruber the Oni Shapeshifter began the quest for the Orb.
     0 | D:1      | Reached XP level 1. HP: 19/19 MP: 1/1
    96 | D:1      | Reached skill level 3 in Unarmed Combat
   133 | D:1      | Reached XP level 2. HP: 27/27 MP: 2/2
   383 | D:1      | Found a faded altar of an unknown god.
   512 | D:1      | Reached XP level 3. HP: 33/33 MP: 3/3
   962 | D:2      | Reached skill level 4 in Unarmed Combat
  1199 | D:2      | Reached XP level 4. HP: 41/41 MP: 4/4
  1652 | D:3      | Reached skill level 5 in Unarmed Combat
  1719 | D:3      | Reached XP level 5. HP: 40/48 MP: 5/5
  1894 | D:3      | Got the Excursus on the Violent Atmosphere
  1964 | D:3      | You fall into a shaft and drop 1 floor!
  2267 | D:4      | Noticed an ogre
  2512 | D:3      | Reached skill level 6 in Unarmed Combat
  2512 | D:3      | Reached XP level 6. HP: 36/55 MP: 6/6
  2768 | D:4      | Noticed Natasha
  2793 | D:4      | Killed Natasha
  2886 | D:4      | Noticed Natasha
  2890 | D:4      | Killed Natasha
  3019 | D:4      | Reached skill level 5 in Fighting
  3019 | D:4      | Reached XP level 7. HP: 31/72 MP: 7/7
  3593 | D:5      | Entered Level 5 of the Dungeon
  3805 | D:5      | Found a burning altar of Makhleb.
  3950 | D:5      | Reached XP level 8. HP: 88/88 MP: 8/8
  4663 | D:6      | Reached skill level 5 in Shapeshifting
  5023 | D:6      | Found a glowing drain.
  5038 | Sewer    | Entered a sewer
  5508 | D:7      | Reached XP level 9. HP: 95/96 MP: 9/9
  5910 | D:7      | Found an ancient bone altar of Kikubaaqudgha.
  6398 | D:7      | Reached skill level 5 in Dodging
  6412 | D:7      | Found a staircase to the Ecumenical Temple.
  6587 | Temple   | Entered the Ecumenical Temple
  6600 | Temple   | Became a worshipper of Gozag Ym Sagoz the Greedy
  7264 | D:8      | Reached skill level 7 in Unarmed Combat
  7759 | D:8      | Reached skill level 8 in Unarmed Combat
  7759 | D:8      | Reached XP level 10. HP: 89/104 MP: 10/10
  7907 | D:8      | Identified the +2 ring mail of Least Resistance {Will+}
  8101 | D:8      | Found a sacrificial altar of Ru.
  8279 | D:8      | Identified the +3 mace of Ashenzari, Chewing {vamp, ^Contam
                  | rN++ Dex+5}
  8815 | D:9      | Reached skill level 9 in Unarmed Combat
  9173 | D:9      | Found a shimmering altar of Xom.
  9174 | D:9      | Found a shimmering altar of Xom.
  9180 | D:9      | Found a shimmering altar of Xom.
  9387 | D:9      | Reached skill level 10 in Unarmed Combat
  9841 | D:9      | Found a staircase to the Lair.
 10025 | D:9      | Found an ornate altar of the Wu Jian Council.
 10043 | D:9      | Reached skill level 11 in Unarmed Combat
 10194 | D:10     | Entered Level 10 of the Dungeon
 10238 | D:10     | Noticed Sonja
 10252 | D:10     | Killed Sonja
 10253 | D:10     | Reached XP level 11. HP: 41/111 MP: 11/11
 11245 | D:9      | Reached skill level 12 in Unarmed Combat
 11887 | D:10     | Identified the +1 long sword of Misery {flame, *Rage Dex+5}
 11930 | D:10     | Found a glowing golden altar of the Shining One.
 11976 | D:10     | Found a bloodstained altar of Trog.
 12055 | D:11     | Noticed a skeletal warrior
 12138 | D:11     | Noticed a skeletal warrior
 12335 | D:11     | Noticed a two-headed ogre
 12341 | D:11     | Killed a two-headed ogre
 12577 | D:11     | Found a staircase to the Orcish Mines.
 12647 | D:11     | Noticed an orc sorcerer
 12696 | D:11     | Noticed a boulder beetle
 12729 | D:11     | Killed a boulder beetle
 13117 | D:11     | Noticed Erica
 13122 | D:11     | Reached skill level 5 in Shields
 13138 | D:11     | HP: 1/111 [something/bolt of poison (27)]
 13139 | D:11     | Succumbed to Erica's bolt of poison

Illustrated notes

Levels and vault maps discovered:
D:1:      reono_arrival_mine, layout_basic, shapermc_ecumenical_altar_ellora
D:2:      layout_rooms, nicolae_eternal_life, nicolae_elevator_lobby_plus
D:3:      layout_loops_cross, kennysheep_flooded_box, corexii_corridor_pit,
          kennysheep_generic_room_5
D:4:      layout_loops_cross, serial_library_hellmonk_room_c, uniq_natasha
D:5:      corexii_shack_village, layout_loops_ring, bloody_makhleb
D:6:      layout_rooms, portal_sewer_entry_a
D:7:      layout_cave_pools, kiku_gazebo_garden_becter,
          minmay_temple_entry_antechambers, minmay_chambers_of_fives
D:8:      layout_layer_cave, nicolae_ru_great_annihilating_truth
D:9:      layout_cave_pools, nicolae_wu_jian_immortal_techniques,
          xom_redecorated, erik_lair_dragon, nicolae_kite_square_tiling_tiny
D:10:     layout_big_octagon, general_overflow_altar, trog_butcher_becter,
          uniq_sonja
D:11:     layout_gridville, zombieorc2_lemuel, nicolae_uskayaw_dance_hall,
          uniq_erica
Temple:   regret_index_temple_waves

Skill      XL: |  1  2  3  4  5  6  7  8  9 10 11 |
---------------+----------------------------------+-----
Unarmed Combat | 3 4 5 6 8 11 12 | 12.0
Fighting       | 5 8 |  8.0
Shapeshifting  | 7 |  7.0
Dodging        | 2 6 8 |  8.0
Shields        | 5 |  5.4

Action                     |  1- 3 |  4- 6 |  7- 9 | 10-12 || total
---------------------------+-------+-------+-------+-------++-------
  Melee: Unarmed           |    75 |   114 |   343 |   427 ||   959
         Headbutt          |    11 |    17 |    66 |   101 ||   195
         Punch             |     1 |     6 |     8 |    17 ||    32
 Invoke: Potion Petition   |       |       |       |     3 ||     3
    Use: Potion            |       |       |     3 |       ||     3
   Stab: Sleeping          |     1 |     1 |       |     1 ||     3
         Paralysed         |       |       |       |     1 ||     1
         Distracted        |       |       |       |     2 ||     2
 Armour: Animal skin       |    36 |    57 |   207 |    40 ||   340
         Skin              |       |       |       |    56 ||    56
         Robe              |       |       |       |    63 ||    63
  Dodge: Dodged            |    30 |    60 |   266 |   281 ||   637
   Form: Flux              |       |       |       |     1 ||     1
         Beast             |       |       |       |     1 ||     1

Table legend: (Time is in decaauts)
 A = Elapsed time spent in this place.
 B = Non-inter-level travel time spent in this place.
 C = Inter-level travel time spent in this place.
 D = Time resting spent in this place.
 E = Time spent auto-exploring this place.
 F = Levels seen in this place.
 G = Mean time per level.
                   A        B        C        D        E       F      G
               +--------+--------+--------+--------+--------+-----+--------+
         Total |  13008 |  12565 |    443 |   2213 |   8225 |  13 | 1000.6 |
       Dungeon |  12898 |  12469 |    429 |   2213 |   8175 |  11 | 1172.5 |
        Temple |     26 |     13 |     13 |      0 |      0 |   1 |   26.0 |
         Sewer |     83 |     83 |      0 |      0 |     50 |   1 |   83.0 |
               +--------+--------+--------+--------+--------+-----+--------+

Top non-repeatable levels by time:
     D:9: 2077 daAuts
     D:7: 1788 daAuts
     D:8: 1578 daAuts
    D:10: 1446 daAuts
     D:4: 1234 daAuts
     D:5: 1010 daAuts
     D:1: 952 daAuts
     D:3: 920 daAuts
    D:11: 788 daAuts
     D:6: 607 daAuts
     D:2: 495 daAuts
   Sewer: 83 daAuts
  Temple: 26 daAuts
